 Dungeon Crawl Stone Soup version 0.25.0-9-g26727b657a (webtiles) character file.

Game seed: 9194560665591183289

18742 BeastOfSaturn the Fighter (level 12, -15/128 HPs)
             Began as an Ogre Fire Elementalist on June 16, 2020.
             Was an Elder of Qazlal.
             Killed from afar by a red draconian (34 damage)
             ... with a searing blast
             ... in a volcano on June 19, 2020.
             The game lasted 01:37:40 (22955 turns).

BeastOfSaturn the Fighter (Ogre Fire Elementalist) Turns: 22955, Time: 01:37:41

Health: -15/128    AC: 12    Str: 21    XL:     12   Next: 61%
Magic:  34/34      EV: 10    Int: 16    God:    Qazlal [****..]
Gold:   919        SH:  5    Dex:  9    Spells: 16/29 levels left

rFire    . . .     SeeInvis +   H - +9 quarterstaff "Igrusym" {venom, rC+ MP+9 Str+2}
rCold    + . .     Gourm    .   (shield currently unavailable)
rNeg     . . .     Faith    .   t - +0 swamp dragon scales
rPois    +         Spirit   .   (helmet restricted)
rElec    .         Reflect  .   D - +0 cloak
rCorr    .         Harm     .   (gloves unavailable)
MR       +....                  (boots unavailable)
Stlth    +.........             (no amulet)
HPRegen  0.31/turn              g - ring of see invisible
MPRegen  0.24/turn              (no ring)

@: studying Armour, repel missiles
A: large, unfitting armour, tough skin 1
a: Upheaval, Elemental Force, Renounce Religion


You were in a volcano.
You worshipped Qazlal.
Qazlal was greatly pleased with you.
You were not hungry.

You visited 3 branches of the dungeon, and saw 13 of its levels.
You also visited: Bailey and Volcano.

You collected 919 gold pieces.

Inventory:

Hand Weapons
 E - a +0 war axe
 G - the +6 bardiche "Hitunel" {freeze, Str+3 Stlth+}
   (You found it in a bailey)

   It has been specially enchanted to freeze those struck by it, causing extra
   injury to most foes and up to half again as much damage against particularly
   susceptible opponents.
   It can also slow down cold-blooded creatures.
   It affects your strength (+3).
   It makes you more stealthy.
 H - the +9 quarterstaff "Igrusym" (weapon) {venom, rC+ MP+9 Str+2}
   (You found it on level 9 of the Dungeon)

   It poisons the flesh of those it strikes.
   It affects your strength (+2).
   It protects you from cold.
   It affects your magic capacity (+9).
 J - a +0 great sword of flaming
 M - a +4 spear of flaming
 N - the +3 quarterstaff "Jiceawk" {venom, rF- MR++ Int+6}
   (You found it on level 11 of the Dungeon)

   It poisons the flesh of those it strikes.
   It affects your intelligence (+6).
   It makes you vulnerable to fire.
   It affects your resistance to hostile enchantments.
Missiles
 e - 6 javelins (quivered)
 p - 3 curare-tipped darts
 u - 44 poisoned darts
Armour
 a - a +0 robe
 t - +0 swamp dragon scales (worn)
 A - a +0 kite shield
 D - a +0 cloak (worn)
 K - a +1 troll leather armour
Magical Staves
 F - an uncursed staff of summoning
Jewellery
 g - a ring of see invisible (left hand)
Wands
 d - a wand of iceblast (9)
 f - a wand of enslavement (4)
 k - a wand of flame (19)
 o - a wand of digging (7)
 r - a wand of random effects (25)
 B - a wand of polymorph (8)
 C - a wand of acid (6)
 L - a wand of disintegration (22)
Scrolls
 b - 2 scrolls of enchant armour
 i - 2 scrolls of amnesia
 j - 3 scrolls of enchant weapon
 m - 2 scrolls of immolation
 q - 2 scrolls of random uselessness
 v - 10 scrolls of remove curse
 w - 2 scrolls of magic mapping
 x - 3 scrolls of fog
 y - 2 scrolls of identify
 Q - a scroll of torment {unknown}
Potions
 h - a potion of resistance
 l - a potion of berserk rage
 n - a potion of stabbing {unknown}
 s - 3 potions of degeneration
 z - 3 potions of brilliance
 P - a potion of cancellation
Books
 I - a manual of Armour
Comestibles
 c - 2 rations


   Skills:
 * Level 10.6 Fighting
 - Level 1.0 Long Blades
 - Level 3.9 Axes
 - Level 6.0 Staves
 * Level 8.4 Armour
 - Level 4.0 Dodging
 - Level 1.4 Stealth
 * Level 1.8 Shields
 - Level 9.0 Spellcasting
 * Level 7.7 Conjurations
 - Level 9.0 Fire Magic
 * Level 3.4 Invocations


You had 16 spell levels left.
You knew the following spells:

 Your Spells              Type           Power        Failure   Level  Hunger
a - Foxfire               Conj/Fire      ####         1%          1    None
b - Sticky Flame          Conj/Fire      ####....     4%          4    ###....
c - Fireball              Conj/Fire      ####......   14%         5    #####..
d - Inner Flame           Hex/Fire       ###.....     7%          3    #......

Your spell library contained the following spells:

 Spells                   Type           Power        Failure   Level  Hunger
 Conjure Flame            Conj/Fire      ####....     1%          3    #......


Dungeon Overview and Level Annotations

Branches:
Dungeon (11/15)            Temple (1/1) D:5            Lair (1/6) D:10
    Orc (0/2) D:11         Bailey (visited)         Volcano (1/1)

Altars:
Ashenzari
Cheibriados
Dithmenos
Elyvilon
Fedhas
Gozag
Hepliaklqana
Kikubaaqudgha
Makhleb
Nemelex Xobeh
Okawaru
Qazlal
Ru
Sif Muna
Trog
Uskayaw
Vehumet
Wu Jian
Xom
Yredelemnul
Zin
The Shining One

Annotations:
D:3 2 transporters
D:9 1 runed translucent door, Revguard's ghost, novice SpAs


Innate Abilities, Weirdness & Mutations

You are too large for most types of armour.
You have tough skin. (AC +1)


Message History

You hit the red draconian.
The red draconian looks as sick as possible!
The red draconian is heavily wounded.
The red draconian hits you with a +0 broad axe of flaming!
The red draconian burns you.
You hit the red draconian but do no damage.
The red draconian is heavily wounded.
You sock the red draconian!
The red draconian looks as sick as possible!
The red draconian is severely wounded.
The red draconian hits you with a +0 broad axe of flaming!
The red draconian burns you.
You closely miss the red draconian.
The red draconian is severely wounded.
The red draconian breathes flames at you.
The searing blast hits you!!
* * * LOW HITPOINT WARNING * * *
The red draconian breathes flames at you.
The searing blast hits you!!
You die...

..(## ≈...###
§§§...## ≈§§≈...###
≈§§§.....###########
≈≈§≈≈≈....#...##...#
§≈§≈≈§≈§..#._......##
≈§§≈§≈§...#...##....#
§≈§§§≈c..######.@...#
≈≈§≈§(.### ##d.##§.#
≈§§≈§(## ##.§###..#
§≈§≈§(### ##..#'[#..#
≈≈.....8###).##[.#..#
≈§≈.(..((().○#..#8..#
§§.....8###..##..#..#
≈....#### ##..##.#..#
§§##.# ##..###..#


You could see a red draconian (extremely poisoned, catching breath).

Vanquished Creatures
  A hydra (D:10)
  A centaur warrior (Volcano)
  A two-headed ogre (D:11)
  An unseen horror (D:11)
  An orc sorcerer (D:11)
  2 ugly things (D:11)
  3 cyclopes (D:11)
  A centaur zombie (D:11)
  A gargoyle (D:11)
  A komodo dragon (D:11)
  A rime drake (shapeshifter) (D:11)
  A hornet (D:11)
  4 trolls
  A wraith (D:10)
  A wyvern (D:9)
  14 yaks
  2 hogs (D:8)
  4 fire bats (Volcano)
  A human (D:8)
  A hungry ghost (D:6)
  A steam dragon (D:11)
  3 water moccasins
  A porcupine (Lair:1)
  2 ice beasts
  14 orc warriors
  A necrophage (D:11)
  A black bear (D:11)
  A phantom (D:11)
  3 sky beasts
  10 ogres
  16 centaurs
  A crocodile (Lair:1)
  2 big kobolds
  7 bullfrogs
  A wyvern zombie (D:11)
  A gnoll sergeant (D:11)
  A water moccasin zombie (D:7)
  A scorpion (D:6)
  A troll zombie (D:11)
  13 killer bees
  3 wights (D:7)
  6 lava snakes (Volcano)
  10 crimson imps
  3 quasits
  A hound (D:9)
  4 orc priests
  2 centaur skeletons
  3 bullfrog skeletons
  A jelly (D:9)
  11 orc wizards
  A gnoll shaman (D:9)
  2 iguanas
  2 worker ants (D:11)
  7 ogre zombies (D:11)
  A hound zombie (D:6)
  A howler monkey zombie (D:8)
  A worker ant zombie (D:5)
  13 adders
  7 gnolls
  A river rat (D:4)
  An adder skeleton (D:4)
  2 worms
  A dart slug (D:3)
  5 leopard geckos
  54 orcs
  A ball python (D:3)
  11 giant cockroaches
  6 hobgoblins
  20 jackals
  3 quokkas
  A ball python zombie (D:5)
  10 bats
  7 frilled lizards
  12 goblins
  A goblin skeleton (D:11)
  3 goblin zombies (D:11)
  A hobgoblin skeleton (D:11)
  4 hobgoblin zombies (D:11)
  25 kobolds
  2 leopard gecko skeletons
  2 orc skeletons (D:11)
  14 orc zombies (D:11)
  A quokka skeleton (D:5)
  8 rats
  A foxfire (Bailey)
400 creatures vanquished.

Vanquished Creatures (collateral kills)
  A hippogriff (D:5)
1 creature vanquished.

Vanquished Creatures (others)
  392 foxfires
  A fungus (Lair:1)
393 creatures vanquished.

Grand Total: 794 creatures vanquished

Notes
Turn   | Place    | Note
-------+----------+-------------------------------------------
     0 | D:1      | BeastOfSaturn the Ogre Fire Elementalist began the quest
                  | for the Orb.
     0 | D:1      | Reached XP level 1. HP: 16/16 MP: 3/3
   283 | D:1      | Reached XP level 2. HP: 24/24 MP: 1/5
   877 | D:2      | Found a basalt altar of Yredelemnul.
   916 | D:2      | Reached XP level 3. HP: 19/32 MP: 7/7
  1683 | D:2      | Reached skill level 1 in Fighting
  1836 | D:2      | Found a burning altar of Makhleb.
  2248 | D:2      | Reached XP level 4. HP: 20/41 MP: 8/8
  3547 | D:3      | Found a transporter.
  3561 | D:3      | Found a transporter.
  3737 | D:2      | Reached skill level 2 in Fighting
  4224 | D:3      | Reached XP level 5. HP: 27/50 MP: 5/10
  4553 | D:3      | You fall into a shaft and drop 2 floors!
  4553 | D:5      | Entered Level 5 of the Dungeon
  4565 | D:5      | You fall into a shaft and drop 2 floors!
  4634 | D:7      | Learned a level 4 spell: Sticky Flame
  4640 | D:7      | Learned a level 5 spell: Fireball
  4675 | D:7      | Reached skill level 3 in Fighting
  4723 | D:7      | Reached XP level 6. HP: 31/62 MP: 8/12
  5439 | D:7      | Found a hazy altar of Hepliaklqana.
  5455 | D:7      | Reached skill level 4 in Fighting
  5757 | D:6      | Reached skill level 5 in Fighting
  5757 | D:6      | Reached XP level 7. HP: 44/72 MP: 6/14
  5811 | D:6      | Noticed a hungry ghost
  6010 | D:5      | Reached skill level 5 in Spellcasting
  6858 | D:4      | Found a shimmering altar of Xom.
  6944 | D:4      | Reached skill level 1 in Axes
  7404 | D:4      | Reached skill level 5 in Fire Magic
  7722 | D:5      | Found a staircase to the Ecumenical Temple.
  7733 | D:5      | Reached skill level 6 in Fighting
  7796 | Temple   | Entered the Ecumenical Temple
  7911 | D:5      | Found a stormy altar of Qazlal.
  7913 | D:5      | Noticed a water elemental
  7914 | D:5      | Noticed an air elemental
  7914 | D:5      | Noticed a fire elemental
  7919 | D:5      | Became a worshipper of Qazlal Stormbringer
  7970 | D:5      | Found a white marble altar of Elyvilon.
  8098 | D:5      | Reached XP level 8. HP: 70/83 MP: 16/16
  8889 | D:6      | Noticed a hippogriff
  8919 | D:5      | Killed a hippogriff
  8919 | D:5      | Reached skill level 7 in Fighting
  9382 | D:5      | Reached skill level 1 in Long Blades
  9604 | D:6      | Found an ancient bone altar of Kikubaaqudgha.
  9643 | D:6      | Reached skill level 1 in Conjurations
  9686 | D:6      | Found a glowing golden altar of the Shining One.
 10623 | D:6      | Reached XP level 9. HP: 68/93 MP: 19/19
 11740 | D:7      | Found a sparkling altar of Nemelex Xobeh.
 11840 | D:8      | Found a snail-covered altar of Cheibriados.
 14044 | D:9      | Reached XP level 10. HP: 73/102 MP: 22/22
 14181 | D:9      | Found a runed translucent door.
 14184 | D:9      | Noticed Revguard's ghost (novice SpAs)
 14198 | D:9      | Found an iron altar of Okawaru.
 14218 | D:9      | Got a warped quarterstaff
 14221 | D:9      | Reached * piety under Qazlal
 14236 | D:8      | Identified the +9 quarterstaff "Igrusym" {venom, rC+ MP+9
                  | Str+2} (You found it on level 9 of the Dungeon)
 14247 | D:9      | Found a flagged portal.
 14254 | Bailey   | Entered a bailey
 14326 | Bailey   | Reached skill level 1 in Staves
 15031 | Bailey   | Reached skill level 5 in Conjurations
 15630 | Bailey   | Reached ** piety under Qazlal
 15677 | Bailey   | Got a steaming bardiche
 15781 | D:9      | Identified the +6 bardiche "Hitunel" {freeze, Str+3 Stlth+}
                  | (You found it in a bailey)
 15783 | D:9      | Upgraded the game from 0.25.0-8-gfd19cd77bd to
                  | 0.25.0-9-g26727b657a
 16252 | D:9      | Learned a level 3 spell: Inner Flame
 16997 | D:10     | Entered Level 10 of the Dungeon
 17029 | D:9      | Reached skill level 8 in Fighting
 17555 | D:9      | Reached XP level 11. HP: 89/111 MP: 24/24
 18204 | D:9      | Reached skill level 1 in Armour
 18324 | D:10     | Reached *** piety under Qazlal
 18432 | D:9      | Reached skill level 5 in Staves
 18794 | D:10     | Found a staircase to the Lair.
 19322 | D:11     | Got an ebony quarterstaff
 19323 | D:11     | Identified the cursed +3 quarterstaff "Jiceawk" {venom, rF-
                  | MR++ Int+6} (You found it on level 11 of the Dungeon)
 19369 | D:11     | Identified a scroll of acquirement
 19422 | D:11     | Noticed an orc sorcerer
 19533 | D:11     | Killed an orc sorcerer
 19569 | D:11     | Noticed a five-headed hydra
 19713 | D:10     | Killed a five-headed hydra
 20004 | D:10     | Reached **** piety under Qazlal
 20299 | D:11     | Noticed an unseen horror
 20299 | D:11     | Noticed a two-headed ogre
 20305 | D:11     | Killed an unseen horror
 20313 | D:11     | Killed a two-headed ogre
 20313 | D:11     | Reached skill level 5 in Armour
 20367 | D:11     | Reached skill level 9 in Fighting
 20367 | D:11     | Reached skill level 1 in Invocations
 20389 | D:11     | Reached XP level 12. HP: 42/123 MP: 24/25
 20721 | D:11     | Found a staircase to the Orcish Mines.
 21658 | D:11     | Reached skill level 1 in Shields
 21669 | D:11     | Reached ***** piety under Qazlal
 21678 | D:11     | Reached skill level 10 in Fighting
 21947 | Lair:1   | Entered Level 1 of the Lair of Beasts
 22074 | Lair:1   | Found a dark tunnel.
 22079 | Volcano  | Entered a volcano
 22274 | Volcano  | Noticed a centaur warrior
 22274 | Volcano  | Noticed a red draconian
 22323 | Volcano  | HP: 5/127 [centaur warrior (9)]
 22323 | Volcano  | HP: 1/127 [centaur warrior (4)]
 22329 | Volcano  | Killed a centaur warrior
 22406 | Volcano  | HP: 5/128 [red draconian/searing blast (21)]
 22413 | Volcano  | Found a bloodstained altar of Trog.
 22922 | Volcano  | Found a radiant altar of Vehumet.
 22955 | Volcano  | Killed from afar by a red draconian

Illustrated notes

Levels and vault maps discovered:
D:1:      dpeg_arrival_three_same_balls, layout_rooms, minmay_pentomino_v4
D:2:      layout_basic, nicolae_overflow_crystal_walls,
          overflow_temple_1_default
D:3:      gammafunk_steamed_eel, layout_loops_ring
D:4:      layout_rooms, old_standard_altar, serial_rivers,
          chequers_serial_rivers_micro_d, chequers_serial_rivers_micro_b,
          chequers_serial_rivers_micro_d, chequers_serial_rivers_micro_b,
          chequers_serial_rivers_micro_a, gup_sewer_entry_spiral,
          hangedman_decor_slide_cut, mrwooster_statue_mirror
D:5:      layout_loops_ring, lemuel_coloured_pillars_altar,
          nicolae_qazlal_style_of_elements, minmay_temple_entry_ruins,
          first_ration
D:6:      layout_rooms, kiku_gazebo_garden_becter, basic_altar
D:7:      layout_basic, nemelex_altar_shiori, lemuel_doored_altar
D:8:      layout_basic, cheibriados_altar_1, grunt_livestock
D:9:      layout_loops_ring, overflow_temple_1_default, enter_bailey_3,
          hellmonk_ghost_happy_afterlife
D:10:     layout_big_octagon, lair_entry_dummy
D:11:     hangedman_cross_veins, layout_long_grid, zombieorc2_lemuel
Temple:   nicolae_temple_x_marks_the_god
Lair:1:   layout_roguey, enter_volcano_4, grunt_forest_small_clearing_treed,
          grunt_megastairs_1
Volcano:  volcano_grotto [vgs_dualism]

Skill      XL: |  1  2  3  4  5  6  7  8  9 10 11 12 |
---------------+-------------------------------------+-----
Fire Magic     | 3 4 5 6 7 8 9 |  9.0
Spellcasting   | 3 4 5 7 8 9 |  9.0
Fighting       | 1 2 3 5 6 7 8 9 10 | 10.6
Axes           | 1 2 3 |  3.9
Long Blades    | 1 |  1.0
Conjurations   | 2 4 6 7 |  7.7
Dodging        | 3 4 |  4.0
Staves         | 4 6 |  6.0
Armour         | 6 8 |  8.4
Invocations    | 1 3 |  3.4
Shields        | 1 |  1.8
Stealth        | |  1.4

Action                   |  1- 3 |  4- 6 |  7- 9 | 10-12 || total
-------------------------+-------+-------+-------+-------++-------
Melee: Unarmed           |     2 |       |       |       ||     2
       Spear             |   132 |   138 |       |       ||   270
       Short sword       |     9 |       |       |       ||     9
       Mace              |       |    19 |       |       ||    19
       Hand axe          |       |    27 |   281 |       ||   308
       Flail             |       |    11 |       |       ||    11
       Long sword        |       |       |   130 |       ||   130
       War axe           |       |       |    34 |     9 ||    43
       Quarterstaff      |       |       |       |   427 ||   427
Throw: Dart              |       |     6 |    21 |    15 ||    42
       Javelin           |       |       |       |     7 ||     7
 Cast: Foxfire           |    35 |    58 |   105 |    91 ||   289
       Sticky Flame      |       |       |    14 |    19 ||    33
       Fireball          |       |       |     2 |    40 ||    42
       Inner Flame       |       |       |       |     2 ||     2
Invok: Elemental Force   |       |       |       |     2 ||     2
  Use: Potion            |       |     2 |     7 |     4 ||    13
       Scroll            |       |     9 |    10 |    17 ||    36
 Stab: Sleeping          |     2 |     3 |     3 |       ||     8
  Eat: Chunk             |     2 |    10 |     7 |    12 ||    31
       Ration            |     1 |       |     7 |     9 ||    17
Armor: Robe              |    44 |    54 |   124 |    24 ||   246
       Skin              |       |       |    20 |     4 ||    24
       Swamp dragon scal |       |       |       |   104 ||   104
       Troll leather arm |       |       |       |    38 ||    38
Dodge: Dodged            |    69 |   127 |   319 |   277 ||   792
       Repelled          |       |       |       |    19 ||    19
Block: Other             |       |       |       |    84 ||    84
       Rpst.: Long sword |       |       |    51 |       ||    51
